Map: Pillars of Gold LE

Players

HHH

  • Race: Protoss Protoss
  • League: Gold
  • Spawn Location: 1:00

FLORENCIO - Winner!

  • Race: Zerg Zerg
  • League: Platinum
  • Spawn Location: 7:00

VOD

Have the link to the VOD?

Description

Time

  • Played on: Jan. 26, 2021, 5:24 p.m.
  • Length: 12:50
Show
View Real Time Build Order
Export as new Build Order

HHH Protoss 

Build Orders:  

Get SALT Encoding   

  12  0:01  Probe (Chrono Boost)  
  13  0:10  Probe (Chrono Boost)  
  14  0:15  Probe (Chrono Boost)  
  15  0:25  Pylon  
  15  0:43  Probe  
  15  0:47  Forge  
  16  0:55  Probe (Chrono Boost)  
  17  1:07  Probe (Chrono Boost)  
  18  1:13  Gateway  
  18  1:16  Probe (Chrono Boost)  
  19  1:20  Photon Cannon  
  19  1:25  Probe  
  20  1:37  Probe, Assimilator  
  21  1:41  Assimilator  
  21  1:49  Probe  
  22  1:56  Pylon  
  23  2:01  Probe  
  23  2:03  Pylon  
  23  2:08  Pylon  
  23  2:13  Cybernetics Core  
  23  2:14  Probe  
  24  2:20  Pylon  
  24  2:29  Zealot (Chrono Boost)  
  26  2:39  Photon Cannon  
  26  2:52  Photon Cannon  
  26  3:03  Shield Battery  
  26  3:06  Stalker  
  28  3:17  Photon Cannon  
  28  3:46  Nexus  
  28  3:56  Pylon  
  28  4:06  Stargate  
  28  4:13  Pylon  
  28  4:34  Probe  
  28  4:37  Pylon  
  29  4:40  Warp Gate  
  29  4:46  Stalker, Probe  
  29  4:50  Phoenix (Chrono Boost)  
  34  4:58  Probe (Chrono Boost)  
  36  5:07  Probe (Chrono Boost)  
  36  5:21  Stalker  
  36  5:23  Gateway  
  36  5:26  Twilight Council  
  38  5:43  Void Ray  
  42  5:51  Shield Battery  
  42  5:54  Photon Cannon  
  42  5:59  Probe  
  43  6:06  Stalker  
  45  6:33  Nexus  
  45  6:39  Protoss Ground Weapons Level 1 (Chrono Boost)  
  45  6:46  Blink (Chrono Boost)  
  45  6:52  Probe  
  46  7:09  Pylon  
  46  7:11  Assimilator  
  46  7:15  Assimilator  
  46  7:26  Stalker  
  46  7:27  Stalker  
  50  7:32  Probe  
  51  7:37  Pylon  
  51  7:44  Probe  
  52  7:57  Fleet Beacon  
  52  8:06  Pylon  
  52  8:09  Probe  
  52  8:10  Probe  
  54  8:27  Robotics Facility  
  54  8:31  Robotics Facility  
  54  8:39  Probe (Chrono Boost)  
  56  8:49  Probe (Chrono Boost)  
  62  9:04  Probe  
  62  9:07  Probe  
  64  9:16  Probe  
  65  9:19  Observer  
  65  9:20  Observer, Probe  
  68  9:28  Probe  
  69  9:36  Pylon  
  69  9:55  Photon Cannon  
  69  9:57  Photon Cannon  
  69  10:09  Stalker  
  69  10:10  Stalker  
  73  10:15  Probe  
  73  10:17  Probe, Stargate  
  75  10:27  Probe  
  76  10:29  Probe  
  77  10:40  Robotics Bay  
  77  10:42  Pylon, Carrier  
  77  10:44  Observer x2  
  79  11:02  Carrier  
  85  11:04  Stalker  
  85  11:05  Stalker  
  89  11:18  Unknown  
  89  11:30  Colossus  
  81  11:44  Stalker  
  81  11:45  Stalker  
Show
View Real Time Build Order
Export as new Build Order

FLORENCIO Zerg - Winner!

Build Orders: Pool First 

Get SALT Encoding   

  12  0:00  Drone  
  13  0:08  Drone  
  14  0:17  Overlord  
  14  0:37  Drone x3  
  17  0:46  Spawning Pool  
  16  0:52  Drone  
  17  1:00  Drone  
  18  1:17  Extractor  
  17  1:28  Hatchery  
  16  1:38  Roach Warren, Drone x3  
  18  1:50  Drone  
  18  2:22  Extractor  
  17  2:33  Hatchery  
  16  2:37  Hatchery  
  15  2:47  Queen  
  17  2:57  Zergling x4  
  19  3:00  Drone  
  16  3:36  Drone x3  
  16  3:40  Lair  
  19  3:44  Spore Crawler  
  18  3:56  Spore Crawler, Drone  
  18  4:00  Drone x2  
  20  4:06  Drone  
  21  4:15  Drone  
  21  4:16  Drone  
  23  4:22  Drone x2  
  25  4:28  Drone  
  26  4:35  Pneumatized Carapace  
  26  4:37  Drone  
  27  4:42  Drone x2  
  27  4:45  Drone x2  
  31  4:56  Drone x3  
  34  5:08  Overlord x2  
  34  5:26  Queen x2  
  38  5:31  Zergling x2  
  38  5:32  Zergling x12  
  45  5:37  Extractor  
  45  5:39  Extractor  
  45  5:40  Zergling x4  
  45  5:56  Spore Crawler  
  44  6:01  Drone x6  
  44  6:02  Spore Crawler  
  49  6:21  Overlord x2  
  49  6:22  Overlord x2  
  49  6:51  Overseer x6  
  49  6:57  Roach x9  
  67  7:07  Burrow  
  67  7:28  Drone x7  
  74  7:53  Hydralisk Den  
  73  7:58  Spire  
  73  8:01  Overlord  
  73  8:02  Overlord x4  
  72  8:32  Overseer x2  
  72  8:36  Hydralisk x2  
  72  8:37  Hydralisk x11  
  98  8:50  Drone x6  
  98  8:53  Drone  
  105  9:00  Muscular Augments  
  105  9:24  Hydralisk  
  105  9:25  Hydralisk x3  
  105  9:26  Overlord  
  105  9:27  Overlord x4  
  113  9:50  Hydralisk x6  
  125  10:04  Hydralisk  
  125  10:05  Hydralisk x2  
  131  10:11  Grooved Spines, Nydus Network, Hydralisk x3  
  136  10:26  Hydralisk x2  
  136  10:27  Hydralisk  
  142  10:50  Nydus Canal  
  142  11:25  Overlord x5  
  142  11:26  Overlord x4  
  142  11:38  Nydus Canal  
  140  11:55  Overseer  
  140  12:03  Hydralisk x13  
Tags
 
Add a new tag
Caveats
  • Supply blocks, unpowered buildings, or Contaminate may cause inaccurate times.
  • Supply counts are checked every 10 seconds.